Map: Dusty Gorge

Players

RejiVatioN

  • Race: Terran Terran
  • Spawn Location: 5:00

WaKa

  • Race: Zerg Zerg
  • Spawn Location: 3:00

PureLegacy - Winner!

  • Race: Terran Terran
  • Spawn Location: 11:00

Spacemen - Winner!

  • Race: Zerg Zerg
  • League: Bronze
  • Spawn Location: 9:00

VOD

Have the link to the VOD?

Description

Time

  • Played on: Dec. 5, 2018, 7:16 p.m.
  • Length: 9:08
Show
View Real Time Build Order
Export as new Build Order

RejiVatioN Terran 

Build Orders:  

Get SALT Encoding   

  12  0:01  SCV  
  13  0:13  SCV  
  14  0:19  Supply Depot  
  14  0:25  SCV  
  15  0:40  SCV  
  15  0:41  Barracks  
  16  0:45  Refinery  
  16  0:52  SCV  
  17  1:04  SCV  
  18  1:19  SCV  
  19  1:29  Marine  
  19  1:31  Orbital Command  
  20  1:46  Marine  
  21  1:52  Command Center  
  21  1:57  SCV  
  22  2:05  Barracks Reactor  
  22  2:10  SCV  
  22  2:13  Supply Depot  
  23  2:21  Barracks  
  23  2:35  SCV  
  24  2:42  Barracks  
  24  2:43  Marine x2  
  26  2:50  SCV  
  26  3:02  Marine x2, SCV  
  29  3:06  Orbital Command  
  29  3:08  Barracks Tech Lab  
  29  3:16  SCV  
  30  3:20  Marine x2  
  32  3:29  Stimpack  
  32  3:31  Marine, Barracks Tech Lab  
  32  3:45  Marine x2  
  33  3:49  Marine  
  33  3:50  Marine, Combat Shield  
  35  4:00  SCV  
  35  4:02  Marine  
  36  4:03  Marine  
  36  4:08  Supply Depot  
  36  4:09  Supply Depot  
  38  4:12  Supply Depot  
  38  4:20  Engineering Bay  
  38  4:30  Marine x4, SCV x2  
  44  4:42  SCV x2  
  46  4:48  Marine  
  46  4:50  Missile Turret  
  47  4:53  Missile Turret  
  47  4:54  SCV  
  47  4:55  SCV  
  47  4:56  Supply Depot, Marine  
  47  4:58  Marine  
  51  5:00  Marauder  
  51  5:05  Terran Infantry Weapons Level 1  
  51  5:06  SCV  
  54  5:08  SCV  
  53  5:19  Marine  
  53  5:20  Marine, SCV x2  
  55  5:27  Marine  
  54  5:29  Marine  
  54  5:32  SCV x2  
  57  5:42  Marine x2  
  59  5:44  SCV  
  59  5:45  Marauder  
  62  5:50  Command Center  
  62  5:52  Marine  
  61  5:59  Refinery  
  61  6:00  Marine x2  
  61  6:06  Marine  
  61  6:08  Factory  
  60  6:17  Marine x2  
  61  6:19  SCV  
  61  6:22  SCV  
  61  6:24  Marine x2  
  65  6:31  SCV  
  66  6:34  SCV  
  66  6:37  Marine  
  68  6:43  SCV  
  69  6:58  Marine x2, Marauder  
  69  6:59  SCV  
  69  7:01  Factory Reactor  
  70  7:02  Starport  
  70  7:03  Refinery  
  70  7:05  Refinery, Supply Depot  
  70  7:06  Supply Depot  
  70  7:07  Supply Depot  
  70  7:08  Marine, SCV  
  72  7:11  SCV  
  73  7:15  Marine  
  73  7:20  Marauder, SCV  
  77  7:24  Supply Depot  
  77  7:25  Engineering Bay  
  77  7:27  Supply Depot, Marine  
  77  7:29  SCV, Orbital Command  
  79  7:31  Supply Depot  
  79  7:37  Marine x2  
  79  7:40  Marine  
  77  7:46  Factory Tech Lab, Orbital Command  
  77  7:47  Marine  
  77  7:48  Medivac x2  
  77  7:51  Barracks  
  82  7:55  Marauder  
  82  7:57  Marine  
  85  7:58  Marine  
  85  8:02  Barracks  
  85  8:05  Supply Depot  
  86  8:09  Siege Tank  
  86  8:11  Marine, SCV  
  91  8:13  SCV  
  91  8:14  SCV  
  93  8:23  Armory  
  93  8:24  SCV  
  93  8:25  Marine x3, SCV  
  93  8:26  Medivac x2, SCV  
  103  8:29  Missile Turret  
  103  8:36  SCV  
  103  8:37  Missile Turret, SCV  
  103  8:40  Marine  
  106  8:42  Barracks Tech Lab  
  109  8:51  Barracks Tech Lab  
  109  8:53  Barracks  
Show
View Real Time Build Order
Export as new Build Order

WaKa Zerg 

Build Orders: Hatch First 

Get SALT Encoding   

  12  0:01  Drone  
  13  0:08  Drone  
  14  0:18  Overlord  
  14  0:36  Drone  
  14  0:37  Drone x2  
  17  0:53  Hatchery  
  17  0:56  Drone  
  17  0:59  Drone  
  18  1:09  Extractor  
  17  1:14  Spawning Pool  
  17  1:18  Drone  
  17  1:21  Drone  
  18  1:33  Drone  
  19  1:43  Drone  
  20  1:53  Overlord  
  20  2:01  Queen  
  20  2:05  Queen  
  20  2:07  Drone x2  
  26  2:16  Metabolic Boost  
  26  2:18  Drone x2  
  28  2:24  Drone  
  28  2:29  Overlord  
  29  2:35  Zergling x2  
  30  2:39  Zergling x2  
  31  2:46  Zergling x2  
  32  2:51  Hatchery  
  32  2:56  Drone  
  32  2:57  Drone  
  33  2:59  Drone  
  34  3:08  Drone x2  
  36  3:14  Baneling Nest  
  36  3:15  Overlord  
  36  3:18  Zergling x10  
  40  3:20  Zergling x2  
  41  3:34  Zergling x4  
  43  3:47  Zergling x8  
  47  3:49  Overlord  
  47  3:53  Drone x3  
  47  3:54  Drone  
  50  4:08  Drone x3  
  52  4:16  Queen  
  53  4:21  Drone x5  
  57  4:24  Overlord  
  57  4:26  Lair  
  57  4:28  Extractor  
  57  4:29  Spore Crawler  
  57  4:30  Drone x4  
  59  4:35  Queen  
  61  4:44  Zergling x8  
  65  4:50  Baneling x4  
  65  4:54  Queen  
  67  5:03  Drone x2  
  67  5:04  Overlord  
  67  5:05  Overlord  
  69  5:08  Spore Crawler  
  69  5:09  Spore Crawler  
  69  5:13  Drone x3  
  70  5:16  Drone x3  
  70  5:17  Drone  
  50  5:47  Spire  
  50  5:48  Extractor  
  50  5:49  Drone, Extractor x2  
  47  5:50  Drone x11, Extractor  
  47  5:55  Queen  
  59  6:14  Drone x7  
  66  6:19  Drone  
  66  6:22  Drone  
  66  6:23  Drone x6  
  74  6:33  Overlord  
  74  6:34  Overlord  
  74  6:35  Overlord  
  74  6:39  Hatchery  
Show
View Real Time Build Order
Export as new Build Order

PureLegacy Terran - Winner!

Build Orders: Gas First Reaper Expand, Hellion Banshee, Mech 

Get SALT Encoding   

  12  0:01  SCV  
  13  0:13  SCV  
  14  0:21  Supply Depot  
  14  0:25  SCV  
  15  0:32  Refinery  
  15  0:42  SCV  
  16  0:49  Barracks  
  16  0:54  SCV  
  17  1:06  SCV  
  18  1:18  SCV  
  19  1:36  Orbital Command  
  19  1:38  Reaper  
  20  1:49  Command Center  
  20  1:57  Factory  
  20  2:03  SCV  
  21  2:17  Barracks Reactor  
  21  2:18  SCV  
  21  2:21  Supply Depot  
  22  2:28  Refinery  
  22  2:30  SCV  
  23  2:42  SCV  
  24  2:52  Starport  
  24  2:55  SCV  
  25  3:00  Orbital Command  
  25  3:12  Hellion x2, Barracks Tech Lab  
  29  3:14  SCV  
  30  3:27  SCV  
  30  3:28  SCV  
  30  3:33  Hellion x2  
  36  3:40  SCV  
  37  3:45  Cloaking Field, Banshee  
  40  3:52  SCV  
  40  4:00  Hellion x2, SCV  
  40  4:02  Supply Depot  
  45  4:03  Supply Depot  
  45  4:04  SCV  
  46  4:23  SCV x2, Command Center  
  48  4:34  Hellion x2  
  48  4:35  Banshee  
  55  4:38  SCV x2  
  55  4:41  Supply Depot  
  57  4:54  Barracks Tech Lab  
  57  4:55  Factory, SCV x2  
  57  4:56  Factory  
  59  5:03  Supply Depot  
  59  5:07  SCV x2  
  61  5:15  Refinery  
  61  5:17  Refinery  
  58  5:32  Starport Reactor  
  58  5:40  Hellion x2  
  62  5:44  Factory Tech Lab, Orbital Command  
  62  5:45  SCV x2  
  64  5:50  Siege Tank  
  69  5:57  SCV x2  
  69  5:58  Engineering Bay  
  69  5:59  Supply Depot  
  69  6:01  Siege Tank  
  72  6:09  SCV  
  73  6:16  SCV  
  74  6:21  Viking x2, Hellion x2  
  74  6:24  Armory  
  74  6:25  Armory, Supply Depot  
  82  6:29  SCV x2  
  82  6:31  Missile Turret  
  87  6:35  Orbital Command  
  87  6:37  Siege Tank  
  90  6:41  Supply Depot, SCV x2  
  92  6:50  Viking  
  92  6:51  Viking  
  92  6:53  SCV x2  
  87  6:55  Supply Depot  
  87  6:59  Missile Turret  
  79  7:03  Missile Turret  
  79  7:04  SCV  
  79  7:05  Factory x2, SCV  
  79  7:07  Refinery x2  
  81  7:11  SCV  
  82  7:16  SCV  
  83  7:26  Hellion x2  
  83  7:27  Siege Tank  
  90  7:32  Hellion  
  90  7:33  SCV x3  
  95  7:45  SCV x2  
  95  7:46  SCV  
  98  7:52  Factory Reactor  
  98  7:53  Factory Tech Lab  
  98  7:54  Thor, Hellion x2  
  98  7:57  SCV  
  98  7:58  Supply Depot  
  109  7:59  Supply Depot, SCV x2  
  111  8:09  SCV  
  111  8:11  SCV  
  111  8:12  Siege Tank x2  
  119  8:16  Viking x2  
  119  8:18  SCV  
  124  8:22  Supply Depot  
  124  8:24  Supply Depot  
  124  8:37  Sensor Tower  
  124  8:39  Hellion x4  
  132  8:46  Hellion  
Show
View Real Time Build Order
Export as new Build Order

Spacemen Zerg - Winner!

Build Orders: Hatch First, Zergling Baneling 

Get SALT Encoding   

  12  0:01  Drone  
  13  0:13  Overlord  
  13  0:18  Drone  
  14  0:31  Drone x2  
  17  0:35  Drone  
  17  0:45  Drone  
  18  1:01  Drone  
  18  1:03  Extractor  
  18  1:06  Hatchery  
  18  1:08  Drone  
  18  1:21  Spawning Pool  
  18  1:23  Drone  
  18  1:35  Drone  
  18  1:39  Overlord  
  19  1:56  Drone  
  20  2:10  Queen, Zergling x2  
  20  2:14  Drone  
  24  2:17  Queen  
  24  2:18  Zergling x2  
  24  2:19  Metabolic Boost  
  24  2:22  Drone  
  28  2:40  Zergling x6  
  28  2:43  Drone  
  32  2:44  Baneling Nest  
  32  2:49  Overlord  
  31  3:04  Hatchery  
  30  3:12  Baneling Nest  
  29  3:13  Drone  
  29  3:16  Drone  
  29  3:19  Drone  
  32  3:22  Drone  
  33  3:28  Drone x2  
  35  3:39  Drone x2  
  37  3:42  Drone x2  
  37  3:43  Drone  
  40  3:48  Drone  
  40  3:50  Overlord  
  38  3:57  Zergling x4  
  39  4:09  Drone  
  40  4:10  Drone x3  
  40  4:11  Zergling x2  
  40  4:13  Zergling x2  
  44  4:18  Baneling x4  
  44  4:20  Baneling x3  
  44  4:21  Baneling  
  44  4:24  Drone  
  45  4:30  Zergling x6  
  49  4:31  Zergling x2  
  49  4:35  Overlord  
  49  4:48  Overlord  
  49  4:51  Drone x6  
  55  4:55  Lair  
  55  4:57  Extractor  
  54  5:01  Roach Warren  
  54  5:05  Queen  
  55  5:08  Drone  
  55  5:13  Drone x3  
  59  5:14  Drone  
  59  5:16  Drone  
  51  5:43  Roach x6  
  51  5:47  Extractor x2  
  51  5:48  Drone x2  
  51  5:49  Drone x5  
  68  5:50  Drone x2  
  70  6:02  Hatchery  
  69  6:04  Drone x5  
  69  6:10  Overlord  
  74  6:12  Glial Reconstitution  
  74  6:16  Overlord x3  
  74  6:26  Hydralisk Den  
  74  6:32  Drone x3  
  76  6:33  Drone  
  76  6:35  Roach x5  
  76  6:37  Zergling x2  
  88  6:48  Spore Crawler  
  88  6:50  Spore Crawler  
  88  6:53  Spore Crawler  
  85  7:00  Hydralisk  
  87  7:01  Hydralisk x3  
  87  7:04  Grooved Spines, Hydralisk  
  87  7:05  Hydralisk  
  97  7:17  Spore Crawler  
  97  7:21  Hydralisk x3  
  103  7:30  Drone x10  
  103  7:31  Overlord x2  
  103  7:32  Overlord x2  
  112  7:40  Extractor  
  112  7:41  Extractor  
  110  7:45  Evolution Chamber  
  110  7:46  Evolution Chamber  
  108  7:52  Hydralisk x4  
  108  7:53  Hydralisk x2  
  120  8:02  Drone x2  
  120  8:03  Drone x5  
  127  8:09  Drone x3  
  130  8:15  Hydralisk x2  
  130  8:16  Hydralisk x2  
  130  8:17  Overlord  
  138  8:31  Drone x6  
  138  8:32  Overlord  
  138  8:33  Overlord  
  144  8:47  Zergling x16  
Tags
 
Add a new tag
Caveats
  • Supply blocks, unpowered buildings, or Contaminate may cause inaccurate times.
  • Supply counts are checked every 10 seconds.